 Dungeon Crawl Stone Soup version 0.26-a0-812-g31a745ddcd (webtiles) character file.

Game seed: 7254318032937428530

128 mkm the Firebug (level 4, -12/33 HPs)
             Began as a Draconian Fire Elementalist on Nov 26, 2020.
             Killed by divine providence
             ... invoked by an orc priest
              (15 damage)
             ... on level 3 of the Dungeon.
             The game lasted 00:06:32 (2586 turns).

mkm the Firebug (Draconian Fire Elementalist)       Turns: 2586, Time: 00:06:33

Health: -12/33     AC:  5    Str: 10    XL:     4   Next: 86%
Magic:  10/17      EV: 12    Int: 16    God:
Gold:   76         SH:  0    Dex: 12    Spells: 8/9 levels left

rFire    . . .     SeeInvis .   f - +1 whip
rCold    . . .     Faith    .   (no shield)
rNeg     . . .     Spirit   .   (armour unavailable)
rPois    .         Reflect  .   (helmet restricted)
rElec    .         Harm     .   (no cloak)
rCorr    .         Rampage  .   (no gloves)
MR       .....                  (no boots)
Stlth    ++........             (no amulet)
HPRegen  0.11/turn              b - ring of magical power
MPRegen  0.15/turn              (no ring)

@: very slightly contaminated
A: unfitting armour, cold-blooded, AC +5
a: no special abilities


You were on level 3 of the Dungeon.
You visited 1 branch of the dungeon, and saw 3 of its levels.

You collected 76 gold pieces.

Inventory:

Hand Weapons
 f - a +1 whip (weapon)
Jewellery
 b - a ring of magical power (left hand)
Scrolls
 a - 3 scrolls of remove curse
 c - 3 scrolls of enchant weapon
Potions
 d - a potion of cancellation {unknown}
 e - a potion of might


   Skills:
 + Level 1.9 Dodging
 + Level 2.3 Stealth
 + Level 3.3 Spellcasting
 + Level 2.0 Conjurations
 + Level 4.0 Fire Magic


You had 8 spell levels left.
You knew the following spells:

 Your Spells              Type           Power        Failure   Level
a - Foxfire               Conj/Fire      ##..         5%          1

Your spell library contained the following spells:

 Spells                   Type           Power        Failure   Level
 Conjure Flame            Conj/Fire      ##......     16%         3
 Inner Flame              Hex/Fire       #.......     24%         3
 Sticky Flame             Conj/Fire      ##......     45%         4
 Fireball                 Conj/Fire      ##........   82%         5


Dungeon Overview and Level Annotations

Branches:
Dungeon (3/15)

Altars:
Hepliaklqana


Innate Abilities, Weirdness & Mutations

Your plain brown scales are hard. (AC +5)
You cannot fit into any form of body armour.
You are cold-blooded and may be slowed by cold attacks.


Message History

Your Conjurations skill increases to level 2!
The orc throws a boomerang.
The boomerang hits you but does no damage.
The weapon returns to the orc!
The orc priest invokes the aid of Beogh against you.
Beogh smites you!
Okay, then.
Casting: Foxfire (safe; 5% risk of failure)
Confirm with . or Enter, or press ? or * to list all spells.
You conjure some foxfire!
The orc priest invokes the aid of Beogh against you.
Beogh smites you!
* * * LOW HITPOINT WARNING * * *
You hear a shout!
Your foxfire dissipates!
The foxfire hits the rat.
You kill the rat!
The orc priest invokes the aid of Beogh against you.
Beogh smites you!
You die...

. .. ... ....
##### ..lo)
#...
...r))####.####
.....o†.@...<.#
.##..o...##.#.#
#.........#...
#.>...#...###.#
#######...# .#
#...# # #...#
#..<#


You could see 2 orc priests, an orc, a frilled lizard and a rat.

Vanquished Creatures
  3 gnolls (D:2)
  4 adders (D:2)
  2 worms (D:2)
  4 dart slugs
  A leopard gecko (D:1)
  2 orcs (D:3)
  4 bats
  5 giant cockroaches
  4 goblins (D:2)
  7 hobgoblins
  4 kobolds
  2 frilled lizards
  7 rats
49 creatures vanquished.

Vanquished Creatures (others)
  203 foxfires
203 creatures vanquished.

Grand Total: 252 creatures vanquished

Notes
Turn   | Place    | Note
-------+----------+-------------------------------------------
     0 | D:1      | mkm the Draconian Fire Elementalist began the quest for the
                  | Orb.
     0 | D:1      | Reached XP level 1. HP: 14/14 MP: 3/3
   511 | D:1      | Reached XP level 2. HP: 20/20 MP: 5/5
  1469 | D:2      | Reached XP level 3. HP: 26/26 MP: 6/6
  1786 | D:2      | Reached XP level 4. HP: 29/33 MP: 6/8
  2422 | D:2      | Found a hazy altar of Hepliaklqana.
  2584 | D:3      | Reached skill level 4 in Fire Magic
  2586 | D:3      | Killed from afar by an orc priest

Illustrated notes

Levels and vault maps discovered:
D:1:      minmay_arrival_cross, layout_basic
D:2:      layout_loops_cross, overflow_temple_1_default
D:3:      layout_basic, lemuel_crystal_altar, nicolae_overflow_hidden_temple,
          st_stairs_14, uniq_natasha, uniq_jessica

Skill      XL: |  1  2  3  4 |
---------------+-------------+-----
Stealth        | 2 |  2.3
Spellcasting   | 3 |  3.3
Fire Magic     | 4 |  4.0
Conjurations   | 2 |  2.0
Dodging        | |  1.9

Action                   |  1- 3 |  4- 6 || total
-------------------------+-------+-------++-------
Melee: Unarmed           |     6 |       ||     6
 Cast: Foxfire           |    77 |    52 ||   129
  Use: Scroll            |     1 |     4 ||     5
       Potion            |     2 |     1 ||     3
Armor: Skin              |     7 |     1 ||     8
Dodge: Dodged            |    12 |     2 ||    14

Table legend: (Time is in decaauts)
 A = Elapsed time spent in this place.
 B = Non-inter-level travel time spent in this place.
 C = Inter-level travel time spent in this place.
 D = Time resting spent in this place.
 E = Time spent auto-exploring this place.
 F = Levels seen in this place.
 G = Mean time per level.
                   A        B        C        D        E       F      G
               +--------+--------+--------+--------+--------+-----+--------+
         Total |   2584 |   2522 |     62 |     13 |   2168 |   3 |  861.3 |
       Dungeon |   2584 |   2522 |     62 |     13 |   2168 |   3 |  861.3 |
               +--------+--------+--------+--------+--------+-----+--------+

Top non-repeatable levels by time:
     D:1: 1290 daAuts
     D:2: 1279 daAuts
     D:3: 14 daAuts
